 Dungeon Crawl Stone Soup version 0.27.0-1-g7a089689b8 (webtiles) character file.

Game seed: 10961795787527180182

3 Phlounder the Insei (level 1, -3/17 HPs)
             Began as a Djinni Transmuter on Aug 13, 2021.
             Slain by a gnoll (5 damage)
             ... on level 1 of the Dungeon.
             The game lasted 00:00:39 (317 turns).

Phlounder the Insei (Djinni Transmuter)              Turns: 317, Time: 00:00:39

Health: -3/17      AC:  2    Str:  9    XL:     1   Next: 55%
Gold:   10         EV: 12    Int: 14    God:
                   SH:  0    Dex: 13

rFire    + + .     SeeInvis .     - Unarmed
rCold    x . .     Faith    .   (no shield)
rNeg     . . .     Spirit   .   a - +0 robe
rPois    ∞         Reflect  .   (helmet currently unavailable)
rElec    .         Harm     .   (no cloak)
rCorr    .         Rampage  .   (no gloves)
Will     .....                  (boots unavailable)
Stlth    +.........             (no amulet)
HPRegen  0.05/turn              (no ring)
MPRegen  0.00/turn              (no ring)

@: appendages, flying
A: horns 2, flying, sickness immunity, fire resistance 2, cold vulnerability 1,
float, innate caster, hp casting, extra vitality 1
a: End Transformation


You were on level 1 of the Dungeon.
You had temporarily grown beastly horns.
You visited 1 branch of the dungeon, and saw 1 of its levels.

You collected 10 gold pieces.

Inventory:

Hand Weapons
 c - a +0 flail
Missiles
 b - 41 stones (quivered)
Armour
 a - a +0 robe (worn)


   Skills:
 - Level 1.0 Fighting
 - Level 2.1 Dodging
 - Level 3.0 Unarmed Combat
 + Level 1.8 Spellcasting


You couldn't memorise any spells.
You knew the following spells:

 Your Spells              Type           Power      Damage    Failure   Level
a - Beastly Appendage     Tmut           12%        N/A       12%         1
b - Wereblood             Tmut           6%         N/A       17%         2
c - Spider Form           Tmut/Pois      3%         N/A       34%         3
d - Ice Form              Ice/Tmut       6%         N/A       75%         4
Your spell library was empty.

Dungeon Overview and Level Annotations

Branches:
Dungeon (1/15)

Altars:


Innate Abilities, Weirdness & Mutations

You have temporarily grown beastly horns.
You are flying.
You are immune to sickness and miasma.
You are immune to poison.
Your flesh is very heat resistant. (rF++)
You are vulnerable to cold. (rC-)
You float through the air rather than walking.
You learn spells naturally, not from books.
Your magical power is your life essence.
You have superior vitality. (+4 HP)


Message History

You hit the ball python.
You kill the ball python!
Your horns disappear.
HP restored.
You see here a +0 dagger.
b - 41 stones (gained 1)
b - 42 stones (gained 1)
b - 44 stones (gained 2)
A rat comes into view.
The rat bites you but does no damage.
You barely miss the rat. The rat barely misses you.
Casting: Beastly Appendage (safe; 12% risk of failure)
Confirm with . or Enter, or press ? or * to list all spells.
You grow a pair of large bovine horns.
The rat bites you.
You barely miss the rat. You headbutt the rat.
You kill the rat!
Your transformation is almost over.
Your horns disappear.
As you open the door, it creaks loudly!
A gnoll comes into view. It is wielding a +0 spear.
You throw a stone.
The stone hits the gnoll but does no damage.
You throw a stone.
The stone hits the gnoll but does no damage.
You throw a stone.
The stone hits the gnoll but does no damage.
Casting: Beastly Appendage (safe; 12% risk of failure)
Confirm with . or Enter, or press ? or * to list all spells.
You grow a pair of large bovine horns.
The gnoll hits you with a +0 spear.
There is an open door here.
You barely miss the gnoll. The gnoll hits you with a +0 spear.
You hit the gnoll.
The gnoll is lightly wounded.
The gnoll hits you with a +0 spear!
* * * LOW HITPOINT WARNING * * *
You hit the gnoll.
The gnoll is heavily wounded.
The gnoll hits you with a +0 spear.
You die...

#.#.##########.##
### ##.## #.# #..
#.# #.# #.# #.#
#+## #.# #.#
#...# #.# #.###
#..((. #.# #.#†##
#...... ##.#
##....####..(....
####...
#........@g......
+......
#.#...####.......
#... #.##.##
#...... ##.#
#.#### #..... # #
#.# #...# # #.#
#+## # #.# # #.#
# ####### #


You could see a gnoll.

Vanquished Creatures
  A ball python (D:1)
  A goblin (D:1)
  A rat (D:1)
3 creatures vanquished.

Notes
Turn   | Place    | Note
-------+----------+-------------------------------------------
     0 | D:1      | Phlounder the Djinni Transmuter began the quest for the
                  | Orb.
     0 | D:1      | Reached XP level 1. HP: 17/17 MP: 0/0
   317 | D:1      | Slain by a gnoll

Illustrated notes

Levels and vault maps discovered:
D:1:      minmay_arrival_shattered_statue, layout_loops_corners,
          dreamdust_ecumenical_altar_angels_and_demons

Action                   || total
-------------------------++-------
Melee: Unarmed           ||    11
       Headbutt          ||     1
Throw: Stone             ||     7
 Cast: Beastly Appendage ||     3
Armor: Robe              ||     3
Dodge: Dodged            ||     4
